TOP OF THE 1ST |
Oklahoma City HS Magicians batting - Pitching for Buchanan HS : RHP David Watson
|
Pitching: RHP David Watson
|
|
Batting: LHB Pablo Fuentes
|
0-0: Called Strike 0-1: Swinging Strike 0-2: Ball 1-2: Fly out, F9 (Flyball, 9)
|
Batting: LHB Todd Davis
|
0-0: Ball 1-0: Called Strike 1-1: Foul Ball, location: 2F 1-2: Strikes out swinging
|
Batting: RHB Ken Wallace
|
0-0: Called Strike 0-1: SOLO HOME RUN (Line Drive, 78XD), Distance : 405 ft
|
Batting: LHB Marcus Hussey
|
0-0: Swinging Strike 0-1: Ball 1-1: Ball 2-1: SOLO HOME RUN (Flyball, 9LD), Distance : 361 ft
|
Batting: RHB Edward Allen
|
0-0: Ball 1-0: Ball 2-0: SOLO HOME RUN (Line Drive, 7LD), Distance : 327 ft
|
Batting: SHB Ron Robinson
|
0-0: Called Strike 0-1: SOLO HOME RUN (Flyball, 9D), Distance : 386 ft
|
Batting: RHB Drew Richardson
|
0-0: Ball 1-0: Foul Ball, location: 2F 1-1: Called Strike 1-2: Strikes out looking
|
Top of the 1st over - 4 runs, 4 hits, 0 errors, 0 left on base; Oklahoma City HS 4 - Buchanan HS 0 |
BOTTOM OF THE 1ST |
Buchanan HS batting - Pitching for Oklahoma City HS Magicians : RHP Sherman Daniels
|
Pitching: RHP Sherman Daniels
|
|
Batting: RHB Richard Franco
|
0-0: Foul Ball, location: 2F 0-1: Ball 1-1: Ball 2-1: Ball 3-1: Foul Ball, location: 2F 3-2: Base on Balls
|
Batting: RHB Jorge Álvarez
|
0-0: Ball 1-0: Ball 2-0: SINGLE (Groundball, 56D) Richard Franco to second
|
Batting: LHB Edgar Cameron
|
0-0: Grounds into double play, 4-6-3 (Groundball, 4) Richard Franco to third
|
Batting: RHB Anthony Moore
|
0-0: Foul Ball, location: 2F 0-1: Ball 1-1: Called Strike 1-2: Foul Ball, location: 2F 1-2: Ball 2-2: Foul Ball, location: 2F 2-2: Ground out 6-3 (Groundball, 6)
|
Bottom of the 1st over - 0 runs, 1 hit, 0 errors, 1 left on base; Oklahoma City HS 4 - Buchanan HS 0 |
TOP OF THE 2ND |
Oklahoma City HS Magicians batting - Pitching for Buchanan HS : RHP David Watson
|
Batting: LHB Jason Thomas
|
0-0: Foul Ball, location: 2F 0-1: SINGLE (Line Drive, 8LS)
|
Batting: LHB Brian Bennett
|
0-0: Ball Jason Thomas is caught stealing 2nd base 1-0: Fly out, F7 (Flyball, 7)
|
Batting: LHB Pablo Fuentes
|
0-0: Foul Ball, location: 2F 0-1: Swinging Strike 0-2: Fly out, F7 (Flyball, 7D)
|
Top of the 2nd over - 0 runs, 1 hit, 0 errors, 0 left on base; Oklahoma City HS 4 - Buchanan HS 0 |
BOTTOM OF THE 2ND |
Buchanan HS batting - Pitching for Oklahoma City HS Magicians : RHP Sherman Daniels
|
Batting: RHB Tom Ross
|
0-0: Ground out 5-3 (Groundball, 56)
|
Batting: RHB Joe Ritchie
|
0-0: Called Strike 0-1: Foul Ball, location: 2F 0-2: Ball 1-2: Foul Ball, location: 2F 1-2: Ball 2-2: Strikes out swinging
|
Batting: RHB Jack Lee
|
0-0: Ball 1-0: Ground out 3-1 (Groundball, 34)
|
Bottom of the 2nd over - 0 runs, 0 hits, 0 errors, 0 left on base; Oklahoma City HS 4 - Buchanan HS 0 |
TOP OF THE 3RD |
Oklahoma City HS Magicians batting - Pitching for Buchanan HS : RHP David Watson
|
Batting: LHB Todd Davis
|
0-0: Ball 1-0: Ball 2-0: Ball 3-0: Called Strike 3-1: Called Strike 3-2: Base on Balls
|
Pitching: RHP Norm Hinton
|
|
Batting: RHB Ken Wallace
|
0-0: Called Strike Todd Davis steals 2nd base 0-1: Ball 1-1: Ground out 1-3 (Groundball, 13S) Todd Davis to third
|
Batting: LHB Marcus Hussey
|
0-0: Called Strike 0-1: Ball 1-1: Swinging Strike 1-2: Foul Ball, location: 2F 1-2: Strikes out looking
|
Batting: RHB Edward Allen
|
0-0: Called Strike 0-1: Ground out 1-3 (Groundball, 15)
|
Top of the 3rd over - 0 runs, 0 hits, 0 errors, 1 left on base; Oklahoma City HS 4 - Buchanan HS 0 |
BOTTOM OF THE 3RD |
Buchanan HS batting - Pitching for Oklahoma City HS Magicians : RHP Sherman Daniels
|
Batting: LHB Albert Fuentes
|
0-0: Ball 1-0: Fly out, F4 (Popup, 4)
|
Batting: RHB Jim Williams
|
0-0: Hit by Pitch
|
Batting: RHB Richard Franco
|
0-0: Called Strike 0-1: Fly out, F7 (Flyball, 7S)
|
Batting: RHB Jorge Álvarez
|
0-0: Ball 1-0: Called Strike 1-1: Fly out, F3 (Popup, 3SF)
|
Bottom of the 3rd over - 0 runs, 0 hits, 0 errors, 1 left on base; Oklahoma City HS 4 - Buchanan HS 0 |
TOP OF THE 4TH |
Oklahoma City HS Magicians batting - Pitching for Buchanan HS : RHP Norm Hinton
|
Batting: SHB Ron Robinson
|
0-0: Ball 1-0: Called Strike 1-1: Foul Ball, location: 2F 1-2: Foul Ball, location: 2F 1-2: Ball 2-2: Foul Ball, location: 2F 2-2: Strikes out swinging
|
Batting: RHB Drew Richardson
|
0-0: Called Strike 0-1: Swinging Strike 0-2: Strikes out swinging
|
Batting: LHB Jason Thomas
|
0-0: Hit by Pitch
|
Batting: LHB Brian Bennett
|
0-0: Called Strike Jason Thomas steals 2nd base 0-1: Ball 1-1: Foul Ball, location: 2F 1-2: Fly out, F5 (Popup, 5SF)
|
Top of the 4th over - 0 runs, 0 hits, 0 errors, 1 left on base; Oklahoma City HS 4 - Buchanan HS 0 |
BOTTOM OF THE 4TH |
Buchanan HS batting - Pitching for Oklahoma City HS Magicians : RHP Sherman Daniels
|
Batting: LHB Edgar Cameron
|
0-0: Ball 1-0: Foul Ball, location: 2F 1-1: Foul Ball, location: 2F 1-2: Fly out, F5 (Popup, 5F)
|
Batting: RHB Anthony Moore
|
0-0: Called Strike 0-1: Ball 1-1: Ball 2-1: Ground out 6-3 (Groundball, 6D)
|
Batting: RHB Tom Ross
|
0-0: Called Strike 0-1: Foul Ball, location: 2F 0-2: Ball 1-2: Ball 2-2: Foul Ball, location: 2F 2-2: Ball 3-2: Base on Balls
|
Batting: RHB Joe Ritchie
|
0-0: Fly out, F8 (Flyball, 8LS)
|
Bottom of the 4th over - 0 runs, 0 hits, 0 errors, 1 left on base; Oklahoma City HS 4 - Buchanan HS 0 |
TOP OF THE 5TH |
Oklahoma City HS Magicians batting - Pitching for Buchanan HS : RHP Norm Hinton
|
Batting: LHB Pablo Fuentes
|
0-0: Ball 1-0: Called Strike 1-1: Ball 2-1: Ground out 3-1 (Groundball, 34)
|
Batting: LHB Todd Davis
|
0-0: Foul Ball, location: 2F 0-1: Swinging Strike 0-2: Ball 1-2: Ball 2-2: Ball 3-2: Base on Balls
|
Batting: RHB Ken Wallace
|
0-0: Ball 1-0: Called Strike 1-1: Foul Ball, location: 2F 1-2: Ball 2-2: Ball 3-2: Foul Ball, location: 2F 3-2: 2-RUN HOME RUN (Flyball, 78XD), Distance : 386 ft
|
Batting: LHB Marcus Hussey
|
0-0: Called Strike 0-1: Ball 1-1: Ball 2-1: Foul Ball, location: 2F 2-2: Foul Ball, location: 2F 2-2: Ball 3-2: Strikes out looking
|
Batting: RHB Edward Allen
|
0-0: Ball 1-0: Ball 2-0: Ball 3-0: Base on Balls
|
Batting: SHB Ron Robinson
|
0-0: Ball 1-0: Foul Ball, location: 2F 1-1: Foul Ball, location: 2F 1-2: Fly out, F8 (Flyball, 8LD)
|
Top of the 5th over - 2 runs, 1 hit, 0 errors, 1 left on base; Oklahoma City HS 6 - Buchanan HS 0 |
BOTTOM OF THE 5TH |
Buchanan HS batting - Pitching for Oklahoma City HS Magicians : RHP Sherman Daniels
|
Batting: RHB Jack Lee
|
0-0: Ball 1-0: Ball 2-0: Called Strike 2-1: Foul Ball, location: 2F 2-2: Hit by Pitch
|
Batting: LHB Albert Fuentes
|
0-0: Ball 1-0: Ball 2-0: Fly out, F7 (Flyball, 7S)
|
Batting: RHB Jim Williams
|
0-0: Fly out, F4 (Popup, 4S)
|
Batting: RHB Richard Franco
|
0-0: DOUBLE (Groundball, 5L) Jack Lee to third Runner from 3rd tries for Home, SAFE, no throw
|
Batting: RHB Jorge Álvarez
|
0-0: Foul Ball, location: 2F 0-1: Ball 1-1: Swinging Strike 1-2: Strikes out swinging
|
Bottom of the 5th over - 1 run, 1 hit, 0 errors, 1 left on base; Oklahoma City HS 6 - Buchanan HS 1 |
TOP OF THE 6TH |
Oklahoma City HS Magicians batting - Pitching for Buchanan HS : RHP Norm Hinton
|
Pitching: RHP Rusty Silva
|
|
Batting: RHB Drew Richardson
|
0-0: Foul Ball, location: 2F 0-1: Swinging Strike 0-2: Ball 1-2: Fly out, F7 (Flyball, 7LSF)
|
Batting: LHB Jason Thomas
|
0-0: Called Strike 0-1: Ball 1-1: SOLO HOME RUN (Flyball, 7LD), Distance : 342 ft
|
Batting: LHB Brian Bennett
|
0-0: Ball 1-0: Ball 2-0: SINGLE (Groundball, 34D)
|
Batting: LHB Pablo Fuentes
|
0-0: Ball 1-0: Ball 2-0: Ball 3-0: Base on Balls Brian Bennett to second
|
Batting: LHB Todd Davis
|
0-0: Called Strike 0-1: Ball 1-1: Swinging Strike 1-2: Strikes out swinging
|
Batting: RHB Ken Wallace
|
0-0: Called Strike 0-1: Foul Ball, location: 2F 0-2: Ball Wild Pitch! Brian Bennett to third Pablo Fuentes to second 1-2: Ball 2-2: Ball 3-2: Base on Balls
|
Batting: LHB Marcus Hussey
|
0-0: Swinging Strike 0-1: Foul Ball, location: 2F 0-2: Ball 1-2: Foul Ball, location: 2F 1-2: Strikes out looking
|
Top of the 6th over - 1 run, 2 hits, 0 errors, 3 left on base; Oklahoma City HS 7 - Buchanan HS 1 |
BOTTOM OF THE 6TH |
Buchanan HS batting - Pitching for Oklahoma City HS Magicians : RHP Sherman Daniels
|
Batting: LHB Edgar Cameron
|
0-0: Fly out, F9 (Flyball, 9)
|
Batting: RHB Anthony Moore
|
0-0: Swinging Strike 0-1: Called Strike 0-2: Strikes out swinging
|
Batting: RHB Tom Ross
|
0-0: Ball 1-0: Called Strike 1-1: Ball 2-1: Ball 3-1: Swinging Strike 3-2: Base on Balls
|
Batting: RHB Joe Ritchie
|
0-0: Ball 1-0: Foul Ball, location: 2F 1-1: Foul Ball, location: 2F 1-2: Ball 2-2: Strikes out swinging
|
Bottom of the 6th over - 0 runs, 0 hits, 0 errors, 1 left on base; Oklahoma City HS 7 - Buchanan HS 1 |
TOP OF THE 7TH |
Oklahoma City HS Magicians batting - Pitching for Buchanan HS : RHP Rusty Silva
|
Batting: RHB Edward Allen
|
0-0: Ball 1-0: Ball 2-0: Ball 3-0: Base on Balls
|
Batting: SHB Ron Robinson
|
0-0: Foul Ball, location: 2F 0-1: Ball 1-1: Ball 2-1: Foul Ball, location: 2F 2-2: Ball 3-2: Foul Ball, location: 2F 3-2: Base on Balls Edward Allen to second
|
Batting: RHB Drew Richardson
|
0-0: Ball 1-0: Called Strike 1-1: Ball 2-1: SINGLE (Line Drive, 9LS) Edward Allen to third Ron Robinson to second Runner from 3rd tries for Home, SAFE, throw made home
|
Batting: LHB Jason Thomas
|
0-0: Ball 1-0: Foul Ball, location: 2F 1-1: Swinging Strike 1-2: Hit by Pitch Ron Robinson to third Drew Richardson to second
|
Batting: LHB Brian Bennett
|
0-0: Fly out, F8 (Flyball, 78M)
|
Batting: LHB Pablo Fuentes
|
0-0: Ball 1-0: Called Strike 1-1: Swinging Strike 1-2: Ball 2-2: Ball 3-2: Foul Ball, location: 2F 3-2: DOUBLE (Line Drive, 8LXD) Ron Robinson scores Drew Richardson scores Jason Thomas to third Runner from 3rd tries for Home, SAFE, no throw
|
Batting: LHB Todd Davis
|
0-0: Called Strike 0-1: Ball 1-1: Ball 2-1: Foul Ball, location: 2F 2-2: Strikes out looking
|
Batting: RHB Ken Wallace
|
0-0: Ball 1-0: Foul Ball, location: 2F 1-1: Ball 2-1: Ball 3-1: Base on Balls
|
Batting: LHB Marcus Hussey
|
0-0: Ball 1-0: Ball 2-0: Foul Ball, location: 2F 2-1: Called Strike 2-2: Foul Ball, location: 2F 2-2: Ball 3-2: Base on Balls Pablo Fuentes to third Ken Wallace to second
|
Pitching: LHP Lawrence Edmonds
|
|
Batting: RHB Edward Allen
|
0-0: Ball 1-0: Ball 2-0: Ball 3-0: Called Strike 3-1: Base on Balls Pablo Fuentes scores Ken Wallace to third Marcus Hussey to second
|
Batting: SHB Ron Robinson
|
0-0: Swinging Strike 0-1: Fielders Choice at 2nd, 6-4 (Groundball, 6)
|
Top of the 7th over - 5 runs, 2 hits, 0 errors, 3 left on base; Oklahoma City HS 12 - Buchanan HS 1 |
BOTTOM OF THE 7TH |
Buchanan HS batting - Pitching for Oklahoma City HS Magicians : RHP Sherman Daniels
|
Batting: RHB Jack Lee
|
0-0: DOUBLE (Line Drive, 9LS)
|
Pitching: RHP António Quintero
|
|
Batting: LHB Albert Fuentes
|
0-0: Called Strike 0-1: Foul Ball, location: 2F 0-2: Ball 1-2: Strikes out swinging
|
Batting: RHB Jim Williams
|
0-0: Called Strike 0-1: Fly out, F7 (Flyball, 7S)
|
Now in LF: Dave Hawk
|
|
Batting: RHB Richard Franco
|
0-0: Called Strike 0-1: Foul Ball, location: 2F 0-2: Strikes out swinging
|
Bottom of the 7th over - 0 runs, 1 hit, 0 errors, 1 left on base; Oklahoma City HS 12 - Buchanan HS 1 |
TOP OF THE 8TH |
Oklahoma City HS Magicians batting - Pitching for Buchanan HS : LHP Lawrence Edmonds
|
Batting: RHB Drew Richardson
|
0-0: SINGLE (Groundball, 6MD)
|
Batting: LHB Jason Thomas
|
0-0: Fielders Choice at 2nd, 5-4 (Groundball, 5)
|
Batting: LHB Brian Bennett
|
0-0: Called Strike 0-1: Hit by Pitch Jason Thomas to second
|
Batting: LHB Pablo Fuentes
|
0-0: Ball 1-0: Foul Ball, location: 2F 1-1: Foul Ball, location: 2F 1-2: Ball 2-2: Ball 3-2: Foul Ball, location: 2F 3-2: Foul Ball, location: 2F 3-2: SINGLE (Groundball, 56D) Jason Thomas to third Brian Bennett to second
|
Batting: LHB Todd Davis
|
0-0: Called Strike 0-1: Ball 1-1: Foul Ball, location: 2F 1-2: Ball 2-2: Strikes out swinging
|
Batting: RHB Dave Hawk
|
0-0: Called Strike 0-1: Ball 1-1: Called Strike 1-2: Ball 2-2: Strikes out looking
|
Top of the 8th over - 0 runs, 2 hits, 0 errors, 3 left on base; Oklahoma City HS 12 - Buchanan HS 1 |
BOTTOM OF THE 8TH |
Buchanan HS batting - Pitching for Oklahoma City HS Magicians : RHP António Quintero
|
Batting: RHB Jorge Álvarez
|
0-0: Ball 1-0: Called Strike 1-1: SINGLE (Groundball, 56D)
|
Batting: LHB Edgar Cameron
|
0-0: Ball 1-0: Ball 2-0: Ball 3-0: Called Strike 3-1: SINGLE (Groundball, 4MD) Jorge Álvarez to second Runner from 2nd tries for 3rd, SAFE, no throw
|
Batting: RHB Anthony Moore
|
0-0: Grounds into double play, 3-6-3 (Groundball, 3) Jorge Álvarez scores
|
Batting: RHB Tom Ross
|
0-0: Ball 1-0: Ball 2-0: Ball 3-0: Called Strike 3-1: Called Strike 3-2: Foul Ball, location: 2F 3-2: Foul Ball, location: 2F 3-2: Foul Ball, location: 2F 3-2: Reached on error, E3 (Groundball, 34)
|
Batting: RHB Joe Ritchie
|
0-0: Ball 1-0: Foul Ball, location: 2F 1-1: Foul Ball, location: 2F 1-2: Ball 2-2: Ball 3-2: Strikes out swinging
|
Bottom of the 8th over - 1 run, 2 hits, 1 error, 1 left on base; Oklahoma City HS 12 - Buchanan HS 2 |
TOP OF THE 9TH |
Oklahoma City HS Magicians batting - Pitching for Buchanan HS : LHP Lawrence Edmonds
|
Batting: LHB Marcus Hussey
|
0-0: Ball 1-0: Ball 2-0: Called Strike 2-1: Foul Ball, location: 2F 2-2: Foul Ball, location: 2F 2-2: Ball 3-2: Foul Ball, location: 2F 3-2: Base on Balls
|
Batting: RHB Edward Allen
|
0-0: Called Strike 0-1: Called Strike 0-2: Ball 1-2: Fly out, F9 (Flyball, 89M)
|
Batting: SHB Ron Robinson
|
0-0: Ball 1-0: Ball 2-0: Foul Ball, location: 2F 2-1: Swinging Strike 2-2: Ball 3-2: 2-RUN HOME RUN (Flyball, 78XD), Distance : 382 ft
|
Pinch Hitting: RHB Mark Wortham
|
0-0: Ball 1-0: Called Strike 1-1: Foul Ball, location: 2F 1-2: Strikes out swinging
|
Batting: LHB Jason Thomas
|
0-0: Called Strike 0-1: Foul Ball, location: 2F 0-2: Hit by Pitch
|
Batting: LHB Brian Bennett
|
0-0: Called Strike 0-1: Reached on error, E3 (Groundball, 3) Jason Thomas to second
|
Batting: LHB Pablo Fuentes
|
0-0: Called Strike Brian Bennett is caught stealing 2nd base
|
Top of the 9th over - 2 runs, 1 hit, 1 error, 1 left on base; Oklahoma City HS 14 - Buchanan HS 2 |
BOTTOM OF THE 9TH |
Buchanan HS batting - Pitching for Oklahoma City HS Magicians : RHP António Quintero
|
Now at C: Mark Wortham
|
|
Batting: RHB Jack Lee
|
0-0: Ball 1-0: Ball 2-0: Called Strike 2-1: Foul Ball, location: 2F 2-2: Fly out, F2 (Popup, 2LF)
|
Batting: LHB Albert Fuentes
|
0-0: Ball 1-0: Called Strike 1-1: Ball 2-1: Foul Ball, location: 2F 2-2: Foul Ball, location: 2F 2-2: Fly out, F9 (Line Drive, 9D)
|
Batting: RHB Jim Williams
|
0-0: Called Strike 0-1: Ball 1-1: Ball 2-1: Ball 3-1: Called Strike 3-2: Base on Balls
|
Pinch Hitting: SHB Chad MacGregor
|
0-0: Called Strike 0-1: Ball 1-1: Foul Ball, location: 2F 1-2: Ball 2-2: Ball 3-2: SINGLE (Flyball, 89S) Jim Williams to second Jim Williams to third
|
Batting: RHB Jorge Álvarez
|
0-0: Ball 1-0: Called Strike 1-1: Swinging Strike 1-2: Ball 2-2: Foul Ball, location: 2F 2-2: Foul Ball, location: 2F 2-2: Ball 3-2: Fly out, F9 (Flyball, 9S)
|
Bottom of the 9th over - 0 runs, 1 hit, 0 errors, 2 left on base; Oklahoma City HS 14 - Buchanan HS 2 |
|